 Dungeon Crawl Stone Soup version 0.27-a0-1200-g94dc6ad4cf (webtiles) character file.

Game seed: 5784824823702938944

35 bande the Covered (level 3, -3/23 HPs)
             Began as a Gargoyle Fighter on May 30, 2021.
             Killed from afar by a white imp (4 damage)
             ... with a puff of frost
             ... summoned by Natasha
             ... on level 2 of the Dungeon.
             The game lasted 00:01:37 (875 turns).

bande the Covered (Gargoyle Fighter)                 Turns: 875, Time: 00:01:37

Health: -3/23      AC: 10    Str: 19    XL:     3   Next: 35%
Magic:  3/3        EV:  7    Int:  8    God:
Gold:   16         SH:  9    Dex: 10    Spells: 2/2 levels left

rFire    . . .     SeeInvis .   a - +1 war axe
rCold    . . .     Faith    .   c - +0 kite shield
rNeg     + . .     Spirit   .   b - +0 scale mail
rPois    ∞         Reflect  .   (no helmet)
rElec    +         Harm     .   (no cloak)
rCorr    .         Rampage  .   (no gloves)
Will     .....                  (no boots)
Stlth    ..........             (no amulet)
HPRegen  0.07/turn              (no ring)
MPRegen  0.08/turn              (no ring)

@: slowed, very slow
A: sickness immunity, AC +3, negative energy resistance 1, electricity
resistance, torment resistance 1, petrification resistance
a: no special abilities


You were on level 2 of the Dungeon.
You visited 1 branch of the dungeon, and saw 2 of its levels.

You collected 16 gold pieces.

Inventory:

Hand Weapons
 a - a +1 war axe (weapon)
Armour
 b - a +0 scale mail (worn)
 c - a +0 kite shield (worn)
Scrolls
 g - a scroll of enchant weapon
Potions
 d - 2 potions of might
 e - a potion of magic {unknown}
 f - a potion of degeneration {unknown}
 h - a potion of haste {unknown}


   Skills:
 + Level 3.4 Fighting
 + Level 2.4 Axes
 + Level 3.7 Armour
 + Level 0.1 Dodging
 + Level 3.6 Shields


You had 2 spell levels left.
You didn't know any spells.
Your spell library was empty.

Dungeon Overview and Level Annotations

Branches:
Dungeon (2/15)

Altars:

Annotations:
D:2 Natasha


Innate Abilities, Weirdness & Mutations

You are immune to sickness and miasma.
Your stone body is resilient. (AC +3)
You are immune to poison.
You resist negative energy. (rN+)
You are resistant to electric shocks. (rElec)
You are resistant to unholy torment.
You are immune to petrification.


Message History

Natasha mumbles some strange words.
You block the shadow imp's attack.
You slash the shadow imp!
You kill the shadow imp!
Natasha casts a spell.
Natasha claws you.
Found a scroll labelled QEIDOD BOMEGHO.
You completely miss Natasha. You slash the white imp!
Natasha mumbles some strange words.
You block the white imp's attack. Natasha claws you.
You barely miss the white imp.
The white imp is almost dead.
You barely miss Natasha. You block the white imp's attack.
Natasha completely misses you.
You closely miss Natasha. You hit the crimson imp.
Natasha casts a spell at you.
You feel yourself slow down. Natasha claws you.
The crimson imp hits you but does no damage.
You hit the white imp but do no damage.
The white imp is almost dead.
You hit the crimson imp. You slash Natasha! You block the white imp's attack.
Natasha claws you but does no damage. You block the crimson imp's attack.
The white imp hits you but does no damage.
Natasha closely misses you.
The crimson imp hits you but does no damage.
The white imp puffs mist at you. You block the white imp's attack.
Unknown command.
You closely miss Natasha.
Natasha is heavily wounded.
You barely miss the white imp. You hit the crimson imp. Natasha claws you.
* * * LOW HITPOINT WARNING * * *
The crimson imp hits you but does no damage.
The white imp hits you but does no damage.
Natasha claws you.
* * * LOW HITPOINT WARNING * * *
The crimson imp barely misses you. The white imp gestures at you.
The puff of frost hits you.
You die...

?.......#
.........
........########
#................
#....!...........
#................
#......h.........
......5@.......)
......5.........
######....).[....
#........########
#........#
#........#
#........#
#........#######
#..............#


You could see Natasha, a crimson imp (summoned) and a white imp (summoned).

Vanquished Creatures
  A dart slug (D:1)
  5 ball pythons (D:1)
  2 endoplasms (D:1)
  2 giant cockroaches (D:1)
  4 goblins
  3 hobgoblins (D:1)
  2 jackals (D:1)
  2 kobolds (D:1)
  A quokka (D:1)
  3 bats (D:1)
  A frilled lizard (D:1)
  3 rats (D:1)
29 creatures vanquished.

Notes
Turn   | Place    | Note
-------+----------+-------------------------------------------
     0 | D:1      | bande the Gargoyle Fighter began the quest for the Orb.
     0 | D:1      | Reached XP level 1. HP: 14/14 MP: 1/1
    53 | D:1      | Reached XP level 2. HP: 4/19 MP: 2/2
   644 | D:1      | Reached XP level 3. HP: 21/23 MP: 3/3
   688 | D:1      | Found a faded altar of an unknown god.
   865 | D:2      | Noticed Natasha
   875 | D:2      | HP: 1/23 [Natasha (5)]
   875 | D:2      | Killed from afar by a white imp

Illustrated notes

Levels and vault maps discovered:
D:1:      giann_bridges, layout_rooms, ebering_ecumenical_altar_sacrificial,
          chequers_serial_rivers_micro_a, minmay_vboxes
D:2:      layout_basic, kennysheep_generic_room_8, uniq_natasha

Skill      XL: |  1  2 |
---------------+-------+-----
Axes           | 2 |  2.4
Fighting       | |  3.4
Armour         | |  3.7
Dodging        | |  0.1
Shields        | |  3.6

Action                   || total
-------------------------++-------
Melee: War axe           ||    78
  Use: Scroll            ||     3
Armor: Scale mail        ||    58
Dodge: Dodged            ||    29
Block: Kite shield       ||    56

Table legend: (Time is in decaauts)
 A = Elapsed time spent in this place.
 B = Non-inter-level travel time spent in this place.
 C = Inter-level travel time spent in this place.
 D = Time resting spent in this place.
 E = Time spent auto-exploring this place.
 F = Levels seen in this place.
 G = Mean time per level.
                   A        B        C        D        E       F      G
               +--------+--------+--------+--------+--------+-----+--------+
         Total |    924 |    924 |      0 |    230 |    489 |   2 |  462.0 |
       Dungeon |    924 |    924 |      0 |    230 |    489 |   2 |  462.0 |
               +--------+--------+--------+--------+--------+-----+--------+

Top non-repeatable levels by time:
     D:1: 894 daAuts
     D:2: 29 daAuts
